 Dungeon Crawl Stone Soup version 0.23.2-1-ga50397a (webtiles) character file.

Game seed: 17928796166894158355

190 troglodite the Covert (level 5, 0/35 HPs)
             Began as an Octopode Assassin on May 13, 2019.
             Slain by a leopard gecko (5 damage)
             ... on level 3 of the Dungeon.
             The game lasted 00:05:08 (2312 turns).

troglodite the Covert (Octopode Assassin)           Turns: 2312, Time: 00:05:08

Health: 0/35       AC:  1    Str: 10    XL:     5   Next: 69%
Magic:  7/7        EV: 13    Int: 14    God:
Gold:   83         SH:  0    Dex: 14    Spells: 7/7 levels left

rFire    . . .     SeeInvis .   a - +2 dagger
rCold    . . .     Gourm    .   (no shield)
rNeg     . . .     Faith    .   (helmet restricted)
rPois    .         Spirit   .   (no amulet)
rElec    .         Reflect  .   (no ring)
rCorr    .         Harm     .   (no ring)
MR       .....                  (no ring)
Stlth    +++++.....             (no ring)
HPRegen  0.11/turn              (no ring)
MPRegen  0.10/turn              (no ring)
                                (no ring)
                                (no ring)

@: no status effects
A: almost no armour, stealthy swim, amphibious, 8 rings, constrict 8, camouflage
1, gelatinous body 1
a: no special abilities


You were on level 3 of the Dungeon.
You were not hungry.

You visited 1 branch of the dungeon, and saw 3 of its levels.

You collected 83 gold pieces.

Inventory:

Hand Weapons
 a - a +2 dagger (weapon)
 b - a +0 blowgun
Missiles
 c - 8 poisoned needles
 d - 2 curare-tipped needles
Wands
 n - a wand of iceblast (11)
Scrolls
 h - 3 scrolls of identify {unknown}
 j - a scroll of teleportation {unknown}
 k - a scroll of enchant armour {unknown}
 m - a scroll of amnesia {unknown}
 o - a scroll of fog {unknown}
Potions
 e - a potion of brilliance {unknown}
 i - 2 potions of degeneration {unknown}
 l - 3 potions of flight {unknown}
 p - a potion of lignification {unknown}
Comestibles
 f - 6 rations
 g - 9 chunks of flesh


   Skills:
 * Level 2.5 Fighting
 + Level 2.2 Short Blades
 + Level 2.0 Throwing
 * Level 1.6 Dodging
 * Level 8.1 Stealth
 * Level 1.5 Spellcasting


You had 7 spell levels left.
You didn't know any spells.
Your spell library was empty.

Dungeon Overview and Level Annotations

Branches:
Dungeon (3/15)

Altars:


Innate Abilities, Weirdness & Mutations

You cannot wear most types of armour.
You are very stealthy in the water. (Stealth+)
You are amphibious.
You can wear up to eight rings at the same time.
You can use your tentacles to constrict eight enemies at once.
Your skin changes colour to match your surroundings (Stealth+).
Your rubbery body absorbs attacks. (AC +1, EV +1)


Message History

You constrict the orc. The leopard gecko closely misses you.
The orc hits you with a +0 short sword. The orc closely misses you.
The orc barely misses you. The orc priest closely misses you.
You completely miss the orc. You squeeze the orc.
You kill the orc!
The leopard gecko barely misses you. The orc hits you with a +0 club.
The orc closely misses you. The orc priest closely misses you.
The leopard gecko bites you. The orc barely misses you.
The leopard gecko closely misses you. The orc hits you with a +0 club.
* * * LOW HITPOINT WARNING * * *
There is an open door, spattered with blood here.
The leopard gecko barely misses you.
The orc priest miscasts a cantrip.
The leopard gecko bites you.
* * * LOW HITPOINT WARNING * * *
The leopard gecko bites you.
* * * LOW HITPOINT WARNING * * *
The leopard gecko bites you.
You die...

#....#
#.......'...........#
#....#
#.......##.##.......#
#....#
#.......##.##.......#
#....#
#.......##.##.......#
#####....#
##########..#.......#
.........#
##.#.......#
#####.#### .........#
####.##############
#........#
#..............@l.#
#........#
#.##.############.#
#.##.# #.# #.##.#
###o#### #.##.#
#......#.........
#.##.#
#.#.o..#........#
#.##.#
#.###..#........#
##รท##.# #.#
#..#........# .>.##.#
#.###..#........#


You could see a leopard gecko.

Vanquished Creatures
  A howler monkey (D:2)
  Crazy Yiuf (D:2)
  4 adders (D:2)
  A worm (D:2)
  3 leopard geckos
  4 orcs (D:3)
  A ball python (D:1)
  3 giant cockroaches
  6 goblins
  9 hobgoblins
  10 jackals (D:1)
  4 kobolds
  4 quokkas
  10 bats
  6 frilled lizards
  3 rats (D:1)
  2 fungi (D:2)
72 creatures vanquished.

Notes
Turn   | Place    | Note
-------+----------+-------------------------------------------
     0 | D:1      | troglodite the Octopode Assassin began the quest for the
                  | Orb.
     0 | D:1      | Reached XP level 1. HP: 14/14 MP: 1/1
   110 | D:1      | Reached XP level 2. HP: 18/19 MP: 1/3
   146 | D:1      | Reached skill level 6 in Stealth
   311 | D:1      | Reached XP level 3. HP: 20/24 MP: 4/4
   983 | D:2      | Reached skill level 1 in Spellcasting
   983 | D:2      | Reached XP level 4. HP: 29/29 MP: 5/5
  1075 | D:2      | Reached skill level 7 in Stealth
  1528 | D:2      | Reached XP level 5. HP: 23/35 MP: 5/7
  1905 | D:2      | Found a runed translucent door.
  1906 | D:2      | Noticed Crazy Yiuf
  1913 | D:2      | Killed Crazy Yiuf
  1913 | D:2      | Reached skill level 8 in Stealth
  2312 | D:3      | Slain by a leopard gecko

Skill      XL: |  1  2  3  4  5 |
---------------+----------------+-----
Stealth        | 6 7 8 |  8.1
Spellcasting   | 1 |  1.5
Fighting       | |  2.5
Short Blades   | |  2.2
Throwing       | |  2.0
Dodging        | |  1.6

Action                   |  1- 3 |  4- 6 || total
-------------------------+-------+-------++-------
Melee: Dagger            |    80 |    79 ||   159
       Constrict         |    19 |    16 ||    35
       Tentacles         |    14 |    10 ||    24
 Stab: Sleeping          |    11 |    14 ||    25
  Eat: Chunk             |       |     4 ||     4
Armor: Skin              |    13 |     4 ||    17
Dodge: Dodged            |    57 |    46 ||   103
